Map: Prion Terraces

Players

AxL - Winner!

  • Race: Zerg Zerg
  • League: Diamond

ILLBdA

  • Race: Protoss Protoss
  • League: Diamond

VOD

Have the link to the VOD?

Description

Time

  • Played on: Dec. 29, 2015, 8:13 p.m.
  • Length: 4:42
Show
View Real Time Build Order
Export as new Build Order

AxL Zerg - Winner!

Build Orders: 3 Hatch before Pool 

Get SALT Encoding   

  12  0:01  Drone  
  13  0:08  Drone  
  14  0:17  Overlord  
  14  0:23  Drone, Extractor  
  16  0:35  Drone x2  
  17  0:54  Hatchery  
  17  0:56  Drone  
  17  1:03  Drone  
  18  1:11  Drone  
  19  1:25  Hatchery  
  19  1:30  Drone  
  19  1:37  Extractor  
  18  1:46  Spawning Pool  
  17  1:47  Drone  
  17  1:48  Drone  
  17  1:53  Drone  
  20  2:05  Drone  
  20  2:06  Drone  
  22  2:13  Drone  
  23  2:22  Drone  
  24  2:26  Drone  
  25  2:32  Drone, Queen  
  25  2:37  Queen x2  
  32  2:46  Metabolic Boost  
  32  2:48  Overlord  
  32  2:50  Drone  
  33  2:53  Drone  
  34  3:02  Overlord  
  34  3:06  Drone  
  34  3:08  Zergling x4  
  34  3:10  Drone  
  34  3:12  Drone x3  
  41  3:16  Overlord  
  41  3:22  Zergling x4  
  44  3:27  Zergling x2  
  43  3:36  Drone  
  43  3:41  Drone  
  43  3:42  Drone x2  
  43  3:44  Extractor  
  43  3:45  Drone x2  
  43  3:46  Overlord  
  43  3:47  Overlord  
  43  3:48  Drone x3  
  48  3:49  Drone  
  51  3:56  Drone x2  
  51  3:57  Drone  
  54  4:03  Drone x3  
  54  4:06  Spore Crawler  
  56  4:10  Drone x3  
  56  4:15  Hatchery  
  58  4:23  Spore Crawler  
  57  4:26  Drone x4  
  56  4:41  Extractor  
Show
View Real Time Build Order
Export as new Build Order

ILLBdA Protoss 

Build Orders: Nexus First, Oracle Opening 

Get SALT Encoding   

  12  0:01  Probe (Chrono Boost)  
  13  0:11  Probe (Chrono Boost)  
  14  0:17  Pylon  
  14  0:22  Probe (Chrono Boost)  
  15  0:35  Probe (Chrono Boost)  
  16  0:45  Probe (Chrono Boost)  
  17  0:57  Nexus  
  17  1:07  Gateway  
  17  1:10  Probe (Chrono Boost)  
  18  1:22  Probe (Chrono Boost), Assimilator  
  19  1:27  Assimilator  
  19  1:33  Probe (Chrono Boost)  
  19  1:36  Gateway  
  20  1:43  Probe (Chrono Boost)  
  21  1:54  Probe (Chrono Boost)  
  22  1:57  Cybernetics Core  
  22  2:02  Pylon  
  22  2:10  Probe x2 (Chrono Boost)  
  24  2:20  Probe (Chrono Boost)  
  24  2:21  Probe (Chrono Boost)  
  26  2:29  Pylon  
  26  2:33  Adept x2 (Chrono Boost)  
  26  2:35  Warp Gate  
  30  2:45  Stargate  
  30  2:50  Probe (Chrono Boost)  
  30  2:51  Probe (Chrono Boost)  
  32  3:00  Sentry  
  32  3:01  Probe (Chrono Boost)  
  32  3:02  Probe (Chrono Boost)  
  36  3:08  Gateway  
  36  3:12  Probe (Chrono Boost)  
  37  3:19  Assimilator  
  37  3:23  Assimilator  
  37  3:31  Oracle (Chrono Boost)  
  40  3:39  Probe x2  
  40  3:50  Pylon  
  40  3:51  Probe  
  41  3:56  Mothership Core  
  43  4:04  Probe  
  43  4:08  Nexus  
  43  4:09  Oracle (Chrono Boost)  
  47  4:15  Pylon  
  47  4:16  Probe x2  
Tags
 
Add a new tag
Caveats
  • Supply blocks, unpowered buildings, or Contaminate may cause inaccurate times.
  • Supply counts are checked every 10 seconds.